TOP OF THE 1ST |
Milton Dogfish Head batting - Pitching for Naperville Battlekings : RHP Jordan Turpin
|
Pitching: RHP Jordan Turpin
|
|
Batting: LHB Jon Baxter
|
0-0: Ball 1-0: Ball 2-0: Ball 3-0: Called Strike 3-1: Fly out, F8 (Flyball, 8RM)
|
Batting: SHB Enrique Costello
|
0-0: Ball 1-0: Ball 2-0: SINGLE (Groundball, 4MD)
|
Batting: LHB Víctor Robledo
|
0-0: Foul Ball, location: 2F 0-1: Ball 1-1: Fly out, F6 (Popup, P)
|
Batting: RHB Paco Muñóz
|
0-0: Ball 1-0: Fielders Choice at 2nd, 6-4 (Groundball, 6)
|
Top of the 1st over - 0 runs, 1 hit, 0 errors, 1 left on base; Milton 0 - Naperville 0 |
BOTTOM OF THE 1ST |
Naperville Battlekings batting - Pitching for Milton Dogfish Head : RHP Eduardo Capata
|
Pitching: RHP Eduardo Capata
|
|
Batting: RHB Fernando Martínez
|
0-0: Called Strike 0-1: Called Strike 0-2: Strikes out looking
|
Batting: RHB Jean Lechuga
|
0-0: Foul Ball, location: 2F 0-1: Foul Ball, location: 2F 0-2: Ball 1-2: Strikes out swinging
|
Batting: RHB Bill Rinck
|
0-0: Ball 1-0: Ball 2-0: Foul Ball, location: 2F 2-1: Ball 3-1: Ground out 4-3 (Groundball, 4M)
|
Bottom of the 1st over - 0 runs, 0 hits, 0 errors, 0 left on base; Milton 0 - Naperville 0 |
TOP OF THE 2ND |
Milton Dogfish Head batting - Pitching for Naperville Battlekings : RHP Jordan Turpin
|
Batting: LHB Floyd Long
|
0-0: Foul Ball, location: 2F 0-1: Fly out, F7 (Flyball, 7S)
|
Batting: RHB Luis Alomar
|
0-0: Called Strike 0-1: Ball 1-1: Foul Ball, location: 2F 1-2: Ball 2-2: Ball 3-2: Foul Ball, location: 2F 3-2: Foul Ball, location: 2F 3-2: Strikes out looking
|
Batting: RHB Miguel Montoya
|
0-0: Ball 1-0: Called Strike 1-1: Swinging Strike 1-2: Ball 2-2: Ball 3-2: Strikes out swinging
|
Top of the 2nd over - 0 runs, 0 hits, 0 errors, 0 left on base; Milton 0 - Naperville 0 |
BOTTOM OF THE 2ND |
Naperville Battlekings batting - Pitching for Milton Dogfish Head : RHP Eduardo Capata
|
Batting: RHB Ángel Rivera
|
0-0: Ball 1-0: Called Strike 1-1: SINGLE (Line Drive, 6M)
|
Batting: LHB Wilson López
|
0-0: Ball 1-0: Called Strike 1-1: Ball 2-1: Ball 3-1: Foul Ball, location: 2F 3-2: Fly out, F8 (Flyball, 8LD)
|
Batting: RHB Jorge Baker
|
0-0: Ball 1-0: Foul Ball, location: 2F 1-1: Foul Ball, location: 2F 1-2: DOUBLE (Flyball, 8RXD) Ángel Rivera to third
|
Batting: LHB Roberto Veliz
|
0-0: Foul Ball, location: 2F 0-1: Foul Ball, location: 2F 0-2: Strikes out looking
|
Batting: SHB Alex Mable
|
0-0: Called Strike 0-1: Foul Ball, location: 2F 0-2: Ball 1-2: Ball 2-2: Foul Ball, location: 2F 2-2: Ball 3-2: Foul Ball, location: 2F 3-2: Strikes out swinging
|
Bottom of the 2nd over - 0 runs, 2 hits, 0 errors, 2 left on base; Milton 0 - Naperville 0 |
TOP OF THE 3RD |
Milton Dogfish Head batting - Pitching for Naperville Battlekings : RHP Jordan Turpin
|
Batting: SHB Alejandro Castillo
|
0-0: Called Strike 0-1: Ball 1-1: Ball 2-1: Swinging Strike 2-2: Ball 3-2: Base on Balls
|
Batting: RHB David Sánchez
|
0-0: Ball 1-0: Foul Ball, location: 2F 1-1: Ball 2-1: Foul Ball, location: 2F 2-2: Grounds into double play, 6-4-3 (Groundball, 6)
|
Batting: LHB Jon Baxter
|
0-0: Fly out, F8 (Flyball, 89M)
|
Top of the 3rd over - 0 runs, 0 hits, 0 errors, 0 left on base; Milton 0 - Naperville 0 |
BOTTOM OF THE 3RD |
Naperville Battlekings batting - Pitching for Milton Dogfish Head : RHP Eduardo Capata
|
Batting: LHB Rubén Aracil
|
0-0: Foul Ball, location: 2F 0-1: Ball 1-1: Ball 2-1: Fly out, F6 (Popup, 6M)
|
Batting: RHB Fernando Martínez
|
0-0: Called Strike 0-1: Called Strike 0-2: Fly out, F5 (Line Drive, 5)
|
Batting: RHB Jean Lechuga
|
0-0: Foul Ball, location: 2F 0-1: Ground out 6-3 (Groundball, 6M)
|
Bottom of the 3rd over - 0 runs, 0 hits, 0 errors, 0 left on base; Milton 0 - Naperville 0 |
TOP OF THE 4TH |
Milton Dogfish Head batting - Pitching for Naperville Battlekings : RHP Jordan Turpin
|
Batting: SHB Enrique Costello
|
0-0: Ball 1-0: Ball 2-0: Called Strike 2-1: Foul Ball, location: 2F 2-2: Strikes out looking
|
Batting: LHB Víctor Robledo
|
0-0: Foul Ball, location: 2F 0-1: Reached on error, E1 (Groundball, 15S)
|
Batting: RHB Paco Muñóz
|
0-0: Ball 1-0: Called Strike 1-1: Fly out, F7 (Flyball, 78S)
|
Batting: LHB Floyd Long
|
0-0: Ball 1-0: SINGLE (Groundball, 6MD) Víctor Robledo to second Runner from 2nd tries for 3rd, SAFE, no throw
|
Batting: RHB Luis Alomar
|
0-0: Ball 1-0: Ball 2-0: Ball 3-0: Called Strike 3-1: Base on Balls Floyd Long to second
|
Batting: RHB Miguel Montoya
|
0-0: Ball 1-0: Fly out, F5 (Popup, 56)
|
Top of the 4th over - 0 runs, 1 hit, 1 error, 3 left on base; Milton 0 - Naperville 0 |
BOTTOM OF THE 4TH |
Naperville Battlekings batting - Pitching for Milton Dogfish Head : RHP Eduardo Capata
|
Batting: RHB Bill Rinck
|
0-0: Ground out 4-3 (Groundball, 4MD)
|
Batting: RHB Ángel Rivera
|
0-0: Ball 1-0: Fly out, F3 (Popup, 3F)
|
Batting: LHB Wilson López
|
0-0: Ground out 4-3 (Groundball, 4)
|
Bottom of the 4th over - 0 runs, 0 hits, 0 errors, 0 left on base; Milton 0 - Naperville 0 |
TOP OF THE 5TH |
Milton Dogfish Head batting - Pitching for Naperville Battlekings : RHP Jordan Turpin
|
Batting: SHB Alejandro Castillo
|
0-0: Ball 1-0: Swinging Strike 1-1: Foul Ball, location: 2F 1-2: Ball 2-2: Strikes out swinging
|
Batting: RHB David Sánchez
|
0-0: Swinging Strike 0-1: Foul Ball, location: 2F 0-2: Foul Ball, location: 2F 0-2: Ball 1-2: Ball 2-2: Ground out 5-3 (Groundball, 5L)
|
Batting: LHB Jon Baxter
|
0-0: Ball 1-0: Ball 2-0: Foul Ball, location: 2F 2-1: Foul Ball, location: 2F 2-2: Foul Ball, location: 2F 2-2: Ball 3-2: SINGLE (Groundball, 3D)
|
Batting: SHB Enrique Costello
|
0-0: SINGLE (Groundball, 4MD) Jon Baxter to second Runner from 2nd tries for 3rd, OUT!
|
Top of the 5th over - 0 runs, 2 hits, 0 errors, 1 left on base; Milton 0 - Naperville 0 |
BOTTOM OF THE 5TH |
Naperville Battlekings batting - Pitching for Milton Dogfish Head : RHP Eduardo Capata
|
Batting: RHB Jorge Baker
|
0-0: Foul Ball, location: 2F 0-1: Ball 1-1: Ball 2-1: Fly out, F8 (Flyball, 8LM)
|
Batting: LHB Roberto Veliz
|
0-0: Ball 1-0: Called Strike 1-1: Foul Ball, location: 2F 1-2: Strikes out swinging
|
Batting: SHB Alex Mable
|
0-0: Called Strike 0-1: Ground out 1-3 (Groundball, 15S)
|
Bottom of the 5th over - 0 runs, 0 hits, 0 errors, 0 left on base; Milton 0 - Naperville 0 |
TOP OF THE 6TH |
Milton Dogfish Head batting - Pitching for Naperville Battlekings : RHP Jordan Turpin
|
Batting: LHB Víctor Robledo
|
0-0: Called Strike 0-1: Ball 1-1: Swinging Strike 1-2: SINGLE (Line Drive, 6M)
|
Batting: RHB Paco Muñóz
|
0-0: Called Strike 0-1: Ball 1-1: Ball 2-1: Foul Ball, location: 2F 2-2: Foul Ball, location: 2F 2-2: Ball 3-2: Base on Balls Víctor Robledo to second
|
Batting: LHB Floyd Long
|
0-0: Ball 1-0: Ball 2-0: Foul Ball, location: 2F 2-1: Ball 3-1: SINGLE (Flyball, 78M) Víctor Robledo to third Paco Muñóz to second
|
Batting: RHB Luis Alomar
|
0-0: Grounds into double play, 5-2-3 (Groundball, 5S) Paco Muñóz to third Floyd Long to second
|
Batting: RHB Miguel Montoya
|
0-0: Ball Wild Pitch! Paco Muñóz scores Floyd Long to third 1-0: Swinging Strike 1-1: Foul Ball, location: 2F 1-2: Ball 2-2: Ball 3-2: Ground out 6-3 (Groundball, 6)
|
Top of the 6th over - 1 run, 2 hits, 0 errors, 1 left on base; Milton 1 - Naperville 0 |
BOTTOM OF THE 6TH |
Naperville Battlekings batting - Pitching for Milton Dogfish Head : RHP Eduardo Capata
|
Batting: LHB Rubén Aracil
|
0-0: Fly out, F9 (Line Drive, 89M)
|
Batting: RHB Fernando Martínez
|
0-0: SOLO HOME RUN (Flyball, 7LD), Distance : 333 ft
|
Batting: RHB Jean Lechuga
|
0-0: Foul Ball, location: 2F 0-1: Ground out 1-3 (Groundball, 15S)
|
Batting: RHB Bill Rinck
|
0-0: Called Strike 0-1: SINGLE (Line Drive, 8RS)
|
Batting: RHB Ángel Rivera
|
0-0: Ball 1-0: Called Strike 1-1: SINGLE (Line Drive, 6D) Bill Rinck to second
|
Batting: LHB Wilson López
|
0-0: Ground out U3 (Groundball, 3)
|
Bottom of the 6th over - 1 run, 3 hits, 0 errors, 2 left on base; Milton 1 - Naperville 1 |
TOP OF THE 7TH |
Milton Dogfish Head batting - Pitching for Naperville Battlekings : RHP Jordan Turpin
|
Batting: SHB Alejandro Castillo
|
0-0: Fly out, F7 (Flyball, 7S)
|
Pinch Hitting: LHB Robert Adams
|
0-0: Foul Ball, location: 2F 0-1: Ball 1-1: Swinging Strike 1-2: SINGLE (Groundball, 34D)
|
Batting: LHB Jon Baxter
|
0-0: Ball 1-0: Ball 2-0: Fly out, F7 (Flyball, 78M)
|
Batting: SHB Enrique Costello
|
0-0: SINGLE (Groundball, 34D) Robert Adams to second Runner from 2nd tries for 3rd, SAFE, throw made to third
|
Batting: LHB Víctor Robledo
|
0-0: Ground out 4-3 (Groundball, 34D)
|
Top of the 7th over - 0 runs, 2 hits, 0 errors, 2 left on base; Milton 1 - Naperville 1 |
BOTTOM OF THE 7TH |
Naperville Battlekings batting - Pitching for Milton Dogfish Head : RHP Eduardo Capata
|
Now in RF: Robert Adams
|
|
Batting: RHB Jorge Baker
|
0-0: Ball 1-0: Foul Ball, location: 2F 1-1: Foul Ball, location: 2F 1-2: Foul Ball, location: 2F 1-2: Ball 2-2: Ball 3-2: SINGLE (Groundball, 56D)
|
Batting: LHB Roberto Veliz
|
0-0: Ball 1-0: DOUBLE (Groundball, 5L) Jorge Baker to third
|
Batting: SHB Alex Mable
|
0-0: Intentional Walk
|
Batting: LHB Rubén Aracil
|
0-0: Ball 1-0: Swinging Strike 1-1: Swinging Strike 1-2: Fly out, F4 (Line Drive, 4)
|
Pinch Hitting: LHB Juan Villanueva
|
0-0: Ball 1-0: Foul Ball, location: 2F 1-1: Ball 2-1: TRIPLE (Flyball, 8RXD) Jorge Baker scores Roberto Veliz scores Alex Mable scores
|
Batting: RHB Jean Lechuga
|
0-0: Ball 1-0: SINGLE (Line Drive, 7) Juan Villanueva scores
|
Batting: RHB Bill Rinck
|
0-0: Ball 1-0: Foul Ball, location: 2F 1-1: Ball 2-1: Grounds into double play, 6-4-3 (Groundball, 6)
|
Bottom of the 7th over - 4 runs, 4 hits, 0 errors, 0 left on base; Milton 1 - Naperville 5 |
TOP OF THE 8TH |
Milton Dogfish Head batting - Pitching for Naperville Battlekings : RHP Jordan Turpin
|
Now at SS: Juan Villanueva
|
|
Batting: RHB Paco Muñóz
|
0-0: Ball 1-0: Ball 2-0: Foul Ball, location: 2F 2-1: Foul Ball, location: 2F 2-2: Foul Ball, location: 2F 2-2: Foul Ball, location: 2F 2-2: SOLO HOME RUN (Flyball, 7LD), Distance : 347 ft
|
Pitching: RHP Toshiki Yokoyama
|
|
Batting: LHB Floyd Long
|
0-0: Called Strike 0-1: Ball 1-1: Called Strike 1-2: Foul Ball, location: 2F 1-2: Ball 2-2: Ball 3-2: Foul Ball, location: 2F 3-2: Ground out 5-3 (Groundball, 56)
|
Batting: RHB Luis Alomar
|
0-0: Ball 1-0: SINGLE (Groundball, 56S) (infield hit)
|
Batting: RHB Miguel Montoya
|
0-0: Ball 1-0: Called Strike 1-1: Grounds into double play, 5-4-3 (Groundball, 5)
|
Top of the 8th over - 1 run, 2 hits, 0 errors, 0 left on base; Milton 2 - Naperville 5 |
BOTTOM OF THE 8TH |
Naperville Battlekings batting - Pitching for Milton Dogfish Head : RHP Eduardo Capata
|
Batting: RHB Ángel Rivera
|
0-0: Ball 1-0: Foul Ball, location: 2F 1-1: Foul Ball, location: 2F 1-2: Strikes out swinging
|
Batting: LHB Wilson López
|
0-0: SINGLE (Groundball, 34D)
|
Batting: RHB Jorge Baker
|
0-0: Called Strike 0-1: Ball 1-1: Ball 2-1: Foul Ball, location: 2F 2-2: Foul Ball, location: 2F 2-2: Ball 3-2: SINGLE (Groundball, 6MD) Wilson López to second Runner from 2nd tries for 3rd, SAFE, no throw
|
Pitching: LHP Santiago Mesa
|
|
Batting: LHB Roberto Veliz
|
0-0: Ball 1-0: Swinging Strike 1-1: Ball 2-1: Ground out 6-3 (Groundball, 6M) Wilson López scores Jorge Baker to second
|
Batting: SHB Alex Mable
|
0-0: Called Strike 0-1: Hit by Pitch
|
Batting: LHB Rubén Aracil
|
0-0: Ball 1-0: SINGLE (Groundball, 34D) Jorge Baker to third Alex Mable to second Runner from 3rd tries for Home, SAFE, no throw
|
Batting: LHB Juan Villanueva
|
0-0: Ball 1-0: Called Strike 1-1: Called Strike 1-2: Foul Ball, location: 2F 1-2: Ball 2-2: SINGLE (Line Drive, 34D) Alex Mable to third Rubén Aracil to second Runner from 3rd tries for Home, SAFE, no throw
|
Batting: RHB Jean Lechuga
|
0-0: Foul Ball, location: 2F 0-1: Foul Ball, location: 2F 0-2: Ball 1-2: Fly out, F7 (Flyball, 78S)
|
Bottom of the 8th over - 3 runs, 4 hits, 0 errors, 2 left on base; Milton 2 - Naperville 8 |
TOP OF THE 9TH |
Milton Dogfish Head batting - Pitching for Naperville Battlekings : RHP Toshiki Yokoyama
|
Batting: SHB Alejandro Castillo
|
0-0: Ball 1-0: Ball 2-0: Called Strike 2-1: Swinging Strike 2-2: Foul Ball, location: 2F 2-2: Foul Ball, location: 2F 2-2: SINGLE (Line Drive, 89S)
|
Batting: LHB Robert Adams
|
0-0: Called Strike 0-1: 2-RUN HOME RUN (Flyball, 9D), Distance : 359 ft
|
Pitching: LHP Sergio Hernández
|
|
Batting: LHB Jon Baxter
|
0-0: Ball 1-0: Called Strike 1-1: Ground out 4-3 (Groundball, 4)
|
Batting: SHB Enrique Costello
|
0-0: Foul Ball, location: 2F 0-1: Ball 1-1: SINGLE (Line Drive, 6D)
|
Batting: LHB Víctor Robledo
|
0-0: Ball 1-0: Foul Ball, location: 2F 1-1: Foul Ball, location: 2F 1-2: Strikes out looking
|
Batting: RHB Paco Muñóz
|
0-0: Fly out, F8 (Flyball, 8RM)
|
Top of the 9th over - 2 runs, 3 hits, 0 errors, 1 left on base; Milton 4 - Naperville 8 |
|